[Event "*** Titled Tuesday Blitz"]
[Site "Chess.com"]
[Date "2021.02.09"]
[Round "5"]
[White "Dave_ChessMate"]
[Black "Mr_Sinigami"]
[Result "0-1"]
[WhiteElo "2390"]
[BlackElo "2651"]
[TimeControl "180+1"]
[EndTime "10:56:33 PST"]
[Termination "Mr_Sinigami won by resignation"]

1. e4 c5 2. Nc3 Nc6 3. Bb5 g6 4. Bxc6 dxc6 5. f4 Bg7 6. Nf3 Nf6 7.
d3 Nd7 8. O-O Nf8 9. Be3 Ne6 10.
h3 O-O 11. Qe1 Nd4 12. Qf2 b6 13. Rad1 a5 14. Bxd4 cxd4 15. Ne2 c5 16. c3 dxc3 17. bxc3 Ba6 18. d4 cxd4 19. cxd4 Rc8 20. Rd2 f5 21. e5 Qd5 22. Rfd1 Rfd8 23. Qh4 e6 24.
Ng5 h6 25. Nf3 Kf7 26. Qg3 Rg8 27. Nh4 Bf8 28. Nc3 Qc4 29. d5 Qxc3 30. dxe6+ Kxe6 31. Rd6+ Bxd6 32. Rxd6+ Ke7 33. Nxg6+ Rxg6 34. Qxg6 Qe3+ 35.
Kh2 Qxf4+ 36. Qg3 Qxg3+ 37. Kxg3 Rb8 38. Kf4 Bc4 39. a3 Be6 40. Rc6 b5 41. Rc7+ Bd7 42. Ra7 b4 43. axb4 axb4 44. Ra6 b3 45. e6 Bxe6 46. Ke5 Rb5+ 47. Kd4 b2 0-1

[Event "*** Titled Tuesday Blitz"]
[Site "Chess.com"]
[Date "2021.02.09"]
[Round "5"]
[White "bascheyaro"]
[Black "GOGIEFF"]
[Result "1/2-1/2"]
[WhiteElo "2746"]
[BlackElo "2896"]
[TimeControl "180+1"]
[EndTime "10:56:36 PST"]
[Termination "Game drawn by repetition"]

1. d4 d5 2. c4 c6 3. Nf3 Nf6 4.
e3 Bf5 5. Nc3 e6 6. Qb3 Qc8 7.
Nh4 Be4 8. f3 Bg6 9. Bd2 Nbd7 10.
Rc1 Be7 11. Nxg6 hxg6 12. Bd3 dxc4 13. Bxc4 b5 14. Bd3 a6 15. O-O c5 16. Qd1 Qb8 17. f4 cxd4 18. exd4 O-O 19. Be3 Nb6 20. Qf3 Rd8 21.
Ne4 Nbd5 22. Bd2 Nxe4 23. Bxe4 Qb6 24. Be3 Nxe3 25. Qxe3 Bf6 26. Rfd1 Rxd4 27. Kf2 Rad8 28. Kf3 Rxd1 29. Qxb6 Rxc1 30. Qxa6 Bxb2 31. Qxb5 Rc3+ 32. Ke2 Bc1 33. Qa5 Re3+ 34. Kf2 Rd2+ 35. Kf1 Kh7 36. Qh5+ Kg8 37. Qa5 Rd1+ 38. Kf2 Rd2+ 39. Kf1 1/2-1/2

[Event "*** Titled Tuesday Blitz"]
[Site "Chess.com"]
[Date "2021.02.09"]
[Round "5"]
[White "Darius321"]
[Black "PriSachu"]
[Result "1-0"]
[WhiteElo "2283"]
[BlackElo "2496"]
[TimeControl "180+1"]
[EndTime "10:56:36 PST"]
[Termination "Darius321 won by resignation"]

1. e4 e5 2. Nf3 Nc6 3. Bc4 Nf6 4. d3 Be7 5. Nbd2 O-O 6. Nf1 d5 7. exd5 Nxd5 8. Ne3 Be6 9. O-O Nxe3 10. Bxe3 Bxc4 11.
dxc4 Qxd1 12. Raxd1 Rfd8 13. a3 f6 14. Rd5 Kf7 15. Rfd1 Ke6 16. g4 b6 17. b4 a5 18.
b5 Na7 19. a4 Rxd5 20. cxd5+ Kf7 21. Nd2 Rd8 22. Nc4 Nc8 23. f3 Nd6 24. Nxd6+ Bxd6 25. c4 g6 26. h3 f5 27. Kg2 Kf6 28. Bf2 h5 29. gxh5 g5 30. h4 g4 31. fxg4 fxg4 32. Be3 Kf5 33. h6 Ke4 34. Bg5 Rf8 35.
Kg3 Rh8 36. Kxg4 Bf8 37. Kh5 1-0

[Event "*** Titled Tuesday Blitz"]
[Site "Chess.com"]
[Date "2021.02.09"]
[Round "5"]
[White "imdvb6307"]
[Black "lacafi"]
[Result "1-0"]
[WhiteElo "2384"]
[BlackElo "2211"]
[TimeControl "180+1"]
[EndTime "10:56:36 PST"]
[Termination "imdvb6307 won on time"]

1. c4 f5 2. Nf3 Nf6 3. g3 g6 4. Bg2 Bg7 5. Nc3 O-O 6. b4 d6 7. Bb2 e5 8. d3 c6 9. O-O h6 10. c5 dxc5 11. Nxe5 cxb4 12. Qb3+ Kh7 13. Qxb4 Na6 14.
Qc4 Nc7 15. Ba3 Re8 16. Nf7 Qd7 17. Nd6 Re6 18. Nxc8 Rxc8 19. Rab1 Ncd5 20. e3 b5 21. Qb3 b4 22. Nxd5 Nxd5 23. Bxb4 Nxb4 24. Qxb4 Qxd3 25.
Rfd1 Qe2 26. Rd2 Qh5 27. Rd7 Rg8 28. Qc3 1-0

[Event "*** Titled Tuesday Blitz"]
[Site "Chess.com"]
[Date "2021.02.09"]
[Round "5"]
[White "Fiona"]
[Black "MillyNeuf"]
[Result "0-1"]
[WhiteElo "2115"]
[BlackElo "2316"]
[TimeControl "180+1"]
[EndTime "10:56:37 PST"]
[Termination "MillyNeuf won by resignation"]

1. e4 c5 2. Nc3 a6 3. f4 b5 4. Nf3 Bb7 5. d3 e6 6. g3 d5 7. e5 h5 8. Bg2 Nc6 9. Ne2 b4 10. Be3 Be7 11. c3 a5 12. d4 c4 13. O-O Nh6 14. Bh3 a4 15. Qe1 a3 16.
bxa3 bxc3 17. Qxc3 Bxa3 18. Rab1 Qc7 19. Nh4 g6 20. f5 Nxf5 21. Nxf5 gxf5 22. Nf4 Be7 23. Qb2 Rb8 24. Qe2 Ba6 25. Rxb8+ Qxb8 26. Nxh5 Qa7 27.
Nf6+ Bxf6 28. exf6 Rxh3 29. Qg2 Rh8 30. g4 c3 31. Rc1 f4 32. Bxf4 Qxd4+ 0-1

[Event "*** Titled Tuesday Blitz"]
[Site "Chess.com"]
[Date "2021.02.09"]
[Round "5"]
[White "Evgeny81"]
[Black "louis198"]
[Result "1-0"]
[WhiteElo "2740"]
[BlackElo "2561"]
[TimeControl "180+1"]
[EndTime "10:56:38 PST"]
[Termination "Evgeny81 won by resignation"]

1. e4 e6 2. d4 d5 3. Nd2 Nc6 4. Ngf3 Nf6 5. e5 Nd7 6. Nb3 f6 7. Bb5 fxe5 8. dxe5 Be7 9. O-O O-O 10. Re1 Nb6 11.
a4 a5 12. Be3 Bd7 13. Bxb6 cxb6 14. Nbd4 Bc5 15. c3 Qe7 16. Qe2 Be8 17. h3 Bh5 18. g4 Be8 19. Qe3 Nxd4 20. cxd4 Bb4 21. Red1 Bxb5 22. axb5 Qd7 23. Qd3 h6 24. Nh4 Qf7 25.
Rf1 Rfc8 26. f4 Rc4 27. Kg2 Rac8 28. Rf2 Be7 29. Ng6 Rb4 30. f5 Rcc4 31. fxe6 Qxe6 32. Qf5 Qxf5 33. Nxe7+ Kh7 34. Nxf5 Rxb5 35. Nd6 1-0

[Event "*** Titled Tuesday Blitz"]
[Site "Chess.com"]
[Date "2021.02.09"]
[Round "5"]
[White "Alohamora11"]
[Black "Ladislav1969"]
[Result "1-0"]
[WhiteElo "2477"]
[BlackElo "2313"]
[TimeControl "180+1"]
[EndTime "10:56:38 PST"]
[Termination "Alohamora11 won by resignation"]

1. e4 c5 2. Nf3 e6 3. d4 cxd4 4. Nxd4 a6 5. Nc3 b5 6. g3 Bb7 7. Bg2 b4 8. Na4 Nf6 9. O-O Nxe4 10. Re1 Nd6 11. Qg4 Bxg2 12. Kxg2 Qa5 13. b3 Qd5+ 14. Kg1 Nc6 15. Bb2 Nxd4 16. Bxd4 Nf5 17. Rad1 Nxd4 18. Rxd4 Qc6 19. Rc4 Qb7 20. h4 h5 21. Qg5 Rh6 22. Nc5 Bxc5 23. Rxc5 Kf8 24. Qd2 d5 25. c4 dxc4 26.
Rxc4 Rb8 27. Qd6+ Kg8 28. Rc7 Qb6 29. Rc8+ Kh7 30. Qxb8 Qd4 31. Rh8+ Kg6 32. Rxh6+ Kxh6 33. Qf4+ Qxf4 34. gxf4 1-0

[Event "*** Titled Tuesday Blitz"]
[Site "Chess.com"]
[Date "2021.02.09"]
[Round "5"]
[White "politeplayer"]
[Black "kai_nov"]
[Result "0-1"]
[WhiteElo "2179"]
[BlackElo "2376"]
[TimeControl "180+1"]
[EndTime "10:56:38 PST"]
[Termination "kai_nov won by resignation"]

1. e4 c5 2. Nf3 Nc6 3. d4 cxd4 4. Nxd4 Nf6 5. Nc3 e5 6. Ndb5 d6 7. Bg5 a6 8. Na3 b5 9. Bxf6 gxf6 10. Nd5 f5 11.
Bxb5 axb5 12. Nxb5 Ra4 13. Nbc7+ Kd7 14. b4 Rxb4 15.
O-O Rg8 16. Qh5 Qg5 17. Qxf7+ Be7 18. g3 Qg6 19. Qxg6 hxg6 20. Nxb4 Nxb4 21. Nd5 Nxd5 22. exd5 Ba6 23. Rfb1 Rc8 24. Rb6 Bc4 25. a4 Bxd5 26. a5 Bd8 27. Rb5 Bc6 28. Rb4 Ra8 29. a6 Ra7 30. c4 g5 31. Rb8 g4 32. c5 Kc7 33.
Rb2 dxc5 34. Re2 Bf6 35. Ra3 Bb5 36. Rc2 Kc6 37. Rac3 c4 38. Rd2 Rxa6 39. h4 gxh3 40. Kh2 e4 41. Rd1 Bxc3 0-1

[Event "*** Titled Tuesday Blitz"]
[Site "Chess.com"]
[Date "2021.02.09"]
[Round "5"]
[White "ShahMatKanal"]
[Black "EdmundPlayer"]
[Result "1-0"]
[WhiteElo "2468"]
[BlackElo "2176"]
[TimeControl "180+1"]
[EndTime "10:56:40 PST"]
[Termination "ShahMatKanal won by checkmate"]

1. e4 e5 2. f4 exf4 3. Bc4 Nc6 4. d4 g5 5. Nf3 Bg7 6. O-O d6 7. c3 h6 8. g3 Bh3 9. Rf2 fxg3 10. Bxf7+ Kxf7 11. Ne5+ Ke6 12. d5+ Kxe5 13. Rf7 Bf6 14. Nd2 Qe8 15. Rxc7 gxh2+ 16. Kh1 g4 17. Qe2 g3 18.
Nc4# 1-0

[Event "*** Titled Tuesday Blitz"]
[Site "Chess.com"]
[Date "2021.02.09"]
[Round "5"]
[White "Grineva_Marianna"]
[Black "krasavetc"]
[Result "1-0"]
[WhiteElo "2212"]
[BlackElo "2341"]
[TimeControl "180+1"]
[EndTime "10:56:40 PST"]
[Termination "Grineva_Marianna won by resignation"]

1. e4 e6 2. d4 d5 3. Nd2 Nf6 4.
e5 Nfd7 5. Bd3 c5 6. c3 Nc6 7. Ne2 a6 8. O-O b5 9. Nf3 h6 10. a3 Bb7 11. Bf4 Be7 12. h3 Qb6 13. Bb1 O-O-O 14.
b4 c4 15. a4 Rhg8 16. axb5 axb5 17. Bh7 Rh8 18. Bc2 g5 19. Be3 Rhg8 20. Ng3 f6 21. exf6 Bxf6 22. Re1 Rg7 23. Ne5 Qc7 24. Nh5 Bxe5 25.
dxe5 Rf7 26. Bg6 Rff8 27. Qg4 Ncxe5 28. Qxe6 Rde8 29. Bxe8 Bc6 30. Bd4 Nd3 31. Ra7 Qd8 32. Qxc6+ 1-0

[Event "*** Titled Tuesday Blitz"]
[Site "Chess.com"]
[Date "2021.02.09"]
[Round "5"]
[White "skoularikii"]
[Black "Vincent_Vega95"]
[Result "0-1"]
[WhiteElo "2504"]
[BlackElo "2718"]
[TimeControl "180+1"]
[EndTime "10:56:42 PST"]
[Termination "Vincent_Vega95 won by checkmate"]

1. e4 c5 2. Nf3 d6 3. Bb5+ Bd7 4. c4 Nc6 5. Nc3 g6 6. d4 cxd4 7. Nxd4 Bg7 8. Be3 Nf6 9. O-O O-O 10. Bxc6 bxc6 11. Nb3 a5 12. c5 a4 13. Nc1 Ng4 14.
Nxa4 Nxe3 15. fxe3 Be6 16. cxd6 exd6 17. Qc2 Qg5 18.
Re1 Qh4 19. Ne2 Be5 20. g3 Qd8 21. Nd4 Bd7 22. Rac1 c5 23. Nxc5 dxc5 24. Qxc5 Ra5 25. Qb4 Rxa2 26. Red1 Qg5 27. Qb3 Bxd4 28. exd4 Raa8 29.
Rf1 Rab8 30. Qa3 Bh3 31. Rfe1 Qd2 32. Qc3 Qg2# 0-1

[Event "*** Titled Tuesday Blitz"]
[Site "Chess.com"]
[Date "2021.02.09"]
[Round "5"]
[White "MuhittinBuker"]
[Black "bennyficial"]
[Result "0-1"]
[WhiteElo "2050"]
[BlackElo "2194"]
[TimeControl "180+1"]
[EndTime "10:56:44 PST"]
[Termination "bennyficial won by resignation"]

1. c4 e5 2. Nc3 Nf6 3. d3 d5 4.
cxd5 Nxd5 5. Nf3 Nc6 6. g3 Be7 7. Bg2 Nb6 8. O-O O-O 9. a3 a5 10. Na4 Be6 11. Nxb6 cxb6 12. Be3 Rc8 13. Rc1 f6 14.
Qa4 Bd5 15. Qb5 Na7 16. Qxb6 Qxb6 17. Bxb6 Nc6 18. Bh3 Ra8 19. e4 Bb3 20. Rc3 a4 21. Rfc1 Ra6 22. Bc5 Bxc5 23. Rxc5 Rd8 24. Bf1 Rb6 25.
Nh4 g6 26. f4 exf4 27. gxf4 Rd7 28. Nf3 Be6 29. Kf2 Rxb2+ 30. R1c2 Rxc2+ 31. Rxc2 Bg4 32. Ne1 Nd4 33. Rc4 b5 34. Rc5 Be6 35. Ke3 b4 36. axb4 a3 37. Ra5 a2 38. Ra8+ Kg7 39. Be2 Nc6 40. b5 Nb4 41. Bd1 f5 42. d4 fxe4 43. Kxe4 Bd5+ 44. Ke5 Bxa8 45. Bb3 a1=Q 0-1

[Event "*** Titled Tuesday Blitz"]
[Site "Chess.com"]
[Date "2021.02.09"]
[Round "5"]
[White "MasterMK73"]
[Black "Vasily85"]
[Result "0-1"]
[WhiteElo "2232"]
[BlackElo "2441"]
[TimeControl "180+1"]
[EndTime "10:56:47 PST"]
[Termination "Vasily85 won on time"]

1. e4 c5 2. Nf3 e6 3. c4 Nc6 4. Nc3 Nf6 5. d4 cxd4 6. Nxd4 Bb4 7. Nxc6 bxc6 8. Bd3 e5 9. O-O O-O 10. Bg5 h6 11.
Bh4 Bxc3 12. bxc3 d6 13. Bc2 c5 14. Qd2 Qe7 15. Rfd1 Rd8 16. f3 Be6 17. Qe2 g5 18. Bf2 Rab8 19. Ba4 Nd7 20. Bc6 Nb6 21. Bd5 Kg7 22.
h4 Qd7 23. Qd2 f6 24. Be3 Qf7 25. Qd3 Qe8 26. Kf2 Bxd5 27. exd5 Qg6 28. Qe2 Na4 29.
Bd2 Rb2 30. Qe3 Rdb8 31. hxg5 hxg5 0-1

[Event "*** Titled Tuesday Blitz"]
[Site "Chess.com"]
[Date "2021.02.09"]
[Round "5"]
[White "CSB7"]
[Black "Elshan1985"]
[Result "0-1"]
[WhiteElo "2579"]
[BlackElo "2811"]
[TimeControl "180+1"]
[EndTime "10:56:49 PST"]
[Termination "Elshan1985 won on time"]

1. e4 e5 2. f4 d5 3. exd5 exf4 4. Nf3 Nf6 5. c4 c6 6. d4 Bb4+ 7. Nc3 cxd5 8. c5 Ne4 9. Bb5+ Bd7 10. Bxd7+ Qxd7 11. O-O Bxc3 12. bxc3 Nc6 13. Bxf4 Nxc3 14.
Re1+ Ne4 15. Rb1 O-O 16. Qb3 b6 17. cxb6 axb6 18. Rec1 Na5 19. Qb5 Qf5 20. Bc7 Qg6 21. Qxb6 Nc4 22. Qxg6 hxg6 23. Rb5 Rxa2 24. Bf4 Rd8 25.
h3 f6 26. Rb7 g5 27. Bc7 Rd7 28. Rb8+ Kh7 29. Bh2 Ne3 30. Ne1 Rf2 31. Bc7 Rf1+ 32. Kh2 Rxc7 33. Rxc7 Rxe1 34. Rbb7 Kg6 0-1

[Event "*** Titled Tuesday Blitz"]
[Site "Chess.com"]
[Date "2021.02.09"]
[Round "5"]
[White "OriTaichman"]
[Black "PavelChernomordik"]
[Result "1-0"]
[WhiteElo "2538"]
[BlackElo "2380"]
[TimeControl "180+1"]
[EndTime "10:56:49 PST"]
[Termination "OriTaichman won by resignation"]

1. e4 g6 2. h4 d5 3. exd5 Nf6 4. Bb5+ Bd7 5. Bc4 Bg4 6. f3 Bf5 7. g4 Bc8 8. Nc3 Nbd7 9. h5 gxh5 10. g5 Ng8 11. d4 Nb6 12. Bb3 Qd6 13. Nge2 Bf5 14. Bf4 Qd7 15. a4 c6 16. dxc6 bxc6 17. a5 Nc8 18. d5 Bg7 19. dxc6 Qxd1+ 20. Rxd1 e5 21. Nb5 Rb8 22. Nc7+ Ke7 23. Be3 Kf8 24. Rd8+ Ke7 25.
Nd5+ Ke6 26. Bc5 Bxc2 27. Nc7+ Kf5 28. Bxc2+ Kxg5 29. Rg1+ Kh4 30. Bf2+ Kh3 31. Bf5+ 1-0

[Event "*** Titled Tuesday Blitz"]
[Site "Chess.com"]
[Date "2021.02.09"]
[Round "5"]
[White "BahadirOzen"]
[Black "PSvidler"]
[Result "0-1"]
[WhiteElo "2722"]
[BlackElo "2886"]
[TimeControl "180+1"]
[EndTime "10:56:50 PST"]
[Termination "PSvidler won by resignation"]

1. g3 d5 2. Bg2 e5 3. d3 Nf6 4.
Nf3 Bd6 5. O-O O-O 6. Nc3 c6 7. e4 h6 8. h3 Re8 9. Re1 a5 10.
Nh4 Be6 11. Qf3 Nbd7 12. Nf5 Bf8 13. a3 Qc7 14. g4 d4 15. Ne2 c5 16. c4 a4 17. h4 g6 18. Neg3 b5 19. cxb5 Rab8 20. Bh3 gxf5 21. gxf5 Bb3 22. Kh1 Kh7 23. Rg1 Rxb5 24. Bg5 Bg7 25. Rg2 Rg8 26. Rag1 Rbb8 27. Nh5 Nxh5 28. f6 Ndxf6 29. Bf5+ Kh8 30. Bg4 Nxg4 31.
Qxg4 Nf4 32. Bxf4 exf4 33. Qh5 Qd6 34. Rg6 fxg6 35. Rxg6 Bf7 0-1

[Event "*** Titled Tuesday Blitz"]
[Site "Chess.com"]
[Date "2021.02.09"]
[Round "5"]
[White "ChessQueen"]
[Black "beto-betun"]
[Result "1-0"]
[WhiteElo "2783"]
[BlackElo "2180"]
[TimeControl "180+1"]
[EndTime "10:56:50 PST"]
[Termination "ChessQueen won on time"]

1. Nf3 Nf6 2. g3 g6 3. Bg2 Bg7 4. d4 O-O 5. O-O d6 6. c4 c6 7. Nc3 Bg4 8. Rb1 a5 9. a3 Nbd7 10. b4 axb4 11. axb4 Qc7 12. c5 Bf5 13. Rb3 d5 14.
Bf4 Qd8 15. b5 Ne4 16. bxc6 bxc6 17. Qc1 Nxc3 18. Qxc3 Ra2 19. Qe3 e6 20. Rb7 Nf6 21. h3 Qa8 22. Rb3 h5 23. Bd6 Re8 24. Ne5 Be4 25.
f3 Bc2 26. Rb6 Ba4 27. g4 Bb5 28. Re1 hxg4 29. hxg4 Rc8 30. Kf2 Ne8 31. Qf4 Qa7 32. Rb8 Rxb8 33. Bxb8 Qb7 34. Bd6 1-0

[Event "*** Titled Tuesday Blitz"]
[Site "Chess.com"]
[Date "2021.02.09"]
[Round "5"]
[White "DvaHrasta"]
[Black "Korchmar_Vasiliy"]
[Result "1-0"]
[WhiteElo "2414"]
[BlackElo "2576"]
[TimeControl "180+1"]
[EndTime "10:56:51 PST"]
[Termination "DvaHrasta won on time"]

1. c4 c6 2. e4 d5 3. exd5 cxd5 4. cxd5 Nf6 5. Qa4+ Nbd7 6. Nc3 g6 7. Bc4 Bg7 8.
d3 O-O 9. Nf3 a6 10. Qa3 Nb6 11. Qb3 Bg4 12. Ne5 Bf5 13. O-O Nxc4 14. dxc4 Nxd5 15.
Nxf7 Rxf7 16. cxd5 b5 17. Be3 Bd3 18. Rfd1 Bc4 19.
Qb4 a5 20. Qc5 Rc8 21. Qb6 b4 22. Na4 Qe8 23. Nc5 Bxb2 24. Rab1 Bc3 25. Qxa5 Ra8 26. Qb6 Bxa2 27. Rbc1 Rb8 28. Qe6 Kg7 29. Rxc3 bxc3 30.
Bd4+ Rf6 31. Bxc3 Rc8 32. Qe3 Bc4 33. Ne4 Qf7 34. d6 1-0

[Event "*** Titled Tuesday Blitz"]
[Site "Chess.com"]
[Date "2021.02.09"]
[Round "5"]
[White "DinaBelenkaya"]
[Black "AttilaTurzo"]
[Result "0-1"]
[WhiteElo "2366"]
[BlackElo "2529"]
[TimeControl "180+1"]
[EndTime "10:56:51 PST"]
[Termination "AttilaTurzo won by resignation"]

1. e4 c5 2. Nc3 Nc6 3. g3 g6 4. Bg2 Bg7 5. d3 d6 6. Nge2 Nf6 7. O-O O-O 8. f4 Bg4 9. h3 Bxe2 10. Nxe2 Rb8 11.
Be3 Nd7 12. c3 a6 13. a4 e6 14. d4 cxd4 15. Nxd4 Qc7 16. Qd2 Na5 17. Bf2 Bxd4 18. Bxd4 Nb3 19. Qe2 Nxa1 20. Rxa1 e5 21. Be3 exf4 22.
gxf4 f6 23. Bd4 Nc5 24. Qg4 f5 25. exf5 Rxf5 26. Re1 Rbf8 27. c4 Nd3 28. Re6 Nxf4 29. Bd5 Rxd5 30. Rxg6+ Nxg6 31. cxd5 Qc1+ 32. Kg2 Qf1+ 33.
Kh2 Qf4+ 34. Kg2 Qxg4+ 35. hxg4 Nf4+ 0-1

[Event "*** Titled Tuesday Blitz"]
[Site "Chess.com"]
[Date "2021.02.09"]
[Round "5"]
[White "chessdjw"]
[Black "Firouzja2003"]
[Result "0-1"]
[WhiteElo "2631"]
[BlackElo "3024"]
[TimeControl "180+1"]
[EndTime "10:56:52 PST"]
[Termination "Firouzja2003 won by checkmate"]

1. d4 Nf6 2. c4 d6 3. Nc3 Nbd7 4. e4 e5 5. Nf3 Be7 6. Be2 O-O 7. O-O c6 8. Qc2 a6 9. Rd1 Qc7 10. Be3 Re8 11.
Rac1 Nf8 12. Bf1 Bg4 13. Be2 Ng6 14. h3 Bd7 15. d5 c5 16. a3 h6 17. b4 b6 18. Bf1 Nh7 19. Rb1 Rf8 20. Bd3 Qd8 21. bxc5 bxc5 22. Rb7 Bc8 23. Rb3 Ng5 24. Qe2 Bf6 25.
Rdb1 Nf4 26. Bxf4 exf4 27. Nxg5 hxg5 28. Na4 g4 29. hxg4 Be5 30. Nb6 Rb8 31. Nxc8 Rxc8 32. Qf3 Qg5 33. Rb7 g6 34. R1b6 Kg7 35. Rxa6 Rh8 36. Raa7 Rcf8 37. a4 Qh6 38. Qh3 Qg5 39. Qf3 Rh4 40. a5 Rxg4 41. a6 Rh4 42. Re7 Bf6 43.
Red7 Qe5 44. Bf1 g5 45. Qd3 Rfh8 46. Rxf7+ Kg6 47. f3 Qd4+ 48. Qxd4 Bxd4# 0-1

[Event "*** Titled Tuesday Blitz"]
[Site "Chess.com"]
[Date "2021.02.09"]
[Round "5"]
[White "Astaneh"]
[Black "JoliyRoger"]
[Result "1-0"]
[WhiteElo "2649"]
[BlackElo "2415"]
[TimeControl "180+1"]
[EndTime "10:56:52 PST"]
[Termination "Astaneh won on time"]

1. d4 Nf6 2. Bf4 d5 3. e3 c5 4.
Nf3 cxd4 5. exd4 Nc6 6. c3 Bg4 7. Nbd2 e6 8. Qb3 Qc8 9. Bb5 Bxf3 10. Nxf3 Be7 11. O-O O-O 12. Rfe1 a6 13. Bd3 h6 14.
Re2 b5 15. Rae1 Na5 16. Qd1 Nc4 17. Bb1 Bd6 18. Ne5 Qc7 19. Qd3 Rfe8 20. h3 Ne4 21. f3 Nf6 22. g4 Kf8 23. h4 Rac8 24. Bc1 b4 25. g5 hxg5 26. hxg5 Bxe5 27. dxe5 Ng8 28.
Qh7 g6 29. cxb4 Ne7 30. Qh6+ Kg8 31. Rh2 Qc5+ 32. bxc5 1-0

[Event "*** Titled Tuesday Blitz"]
[Site "Chess.com"]
[Date "2021.02.09"]
[Round "5"]
[White "KeithArkell"]
[Black "NikolasTheiss"]
[Result "1-0"]
[WhiteElo "2483"]
[BlackElo "2323"]
[TimeControl "180+1"]
[EndTime "10:56:52 PST"]
[Termination "KeithArkell won on time"]

1. d4 g5 2. Bxg5 Bg7 3. c3 c5 4. Nf3 Qb6 5. Qb3 cxd4 6. Qxb6 axb6 7. Nxd4 Bxd4 8. cxd4 Nc6 9. e3 Nb4 10. Kd2 d6 11. Nc3 Be6 12. a3 Nd5 13. Bb5+ Kf8 14. Nxd5 Bxd5 15. f3 Ra5 16. a4 f5 17. Rhc1 h6 18. Bh4 Rh7 19. Rc8+ Kf7 20. Be8+ Kg7 21. b4 Ra7 22. Rac1 Bf7 23. Bd7 Bg6 24. R1c7 Nf6 25. Be6 Bf7 26. Rxe7 Kg6 27. Bxf6 Bxe6 28. Rxe6 1-0

[Event "*** Titled Tuesday Blitz"]
[Site "Chess.com"]
[Date "2021.02.09"]
[Round "5"]
[White "Azde"]
[Black "annacramling"]
[Result "1-0"]
[WhiteElo "2358"]
[BlackElo "2092"]
[TimeControl "180+1"]
[EndTime "10:56:52 PST"]
[Termination "Azde won on time"]

1. d4 Nf6 2. c4 e6 3. Nf3 d5 4.
Nc3 Be7 5. Bf4 O-O 6. e3 c6 7.
Bd3 Nbd7 8. O-O h6 9. Qe2 dxc4 10.
Bxc4 b5 11. Bd3 Bb7 12. e4 a6 13. e5 Nd5 14. Qe4 f5 15. exf6 N7xf6 16. Qxe6+ Kh8 17. Bg3 Bc8 18. Qe2 Bg4 19. h3 Bh5 20. Rfe1 Bb4 21. Rac1 Re8 22. Be5 c5 23. g4 Bf7 24. a3 Bxc3 25.
bxc3 Nf4 26. Qf1 Nxd3 27. Qxd3 c4 28. Qf5 Bd5 29. Bxf6 Rxe1+ 30. Rxe1 gxf6 31. Nh4 Bf7 32. Qf4 Kh7 33. Nf5 Qf8 34. Re7 Re8 35. Rc7 Re1+ 36.
Kh2 Re2 37. Nxh6 Qxh6 38. Rxf7+ Kg6 39. Rxf6+ 1-0

[Event "*** Titled Tuesday Blitz"]
[Site "Chess.com"]
[Date "2021.02.09"]
[Round "5"]
[White "AryanTari"]
[Black "Legendinunknown"]
[Result "1-0"]
[WhiteElo "2899"]
[BlackElo "2607"]
[TimeControl "180+1"]
[EndTime "10:56:53 PST"]
[Termination "AryanTari won by resignation"]

1. e4 e5 2. Nc3 Nf6 3. f4 d5 4. fxe5 Nxe4 5. Qf3 Nxc3 6. dxc3 Nc6 7. Bb5 Be7 8. Bf4 O-O 9. O-O-O Be6 10. Ne2 Bg5 11. h4 Bxf4+ 12. Qxf4 Ne7 13. h5 f5 14. Nd4 Qc8 15.
Qg5 Rf7 16. h6 c5 17. Be8 Qxe8 18. Nxe6 Ng6 19. Nxg7 Qxe5 20. Rhe1 Qf4+ 21. Qxf4 Nxf4 22. g3 Ng6 23. Rxd5 f4 24. gxf4 Rxf4 25. Rxc5 Rd8 26.
Ne6 Re8 27. Nxf4 Rxe1+ 28. Kd2 Rh1 29. Nxg6 hxg6 30. Rc7 Rxh6 31. Rxb7 a5 32. c4 Kf8 33. Ra7 Rh5 34. a3 Ke8 35. b4 axb4 36. axb4 Rh2+ 37. Kd3 Rh3+ 38. Kd4 Rh2 39. c3 g5 40. b5 g4 41. Rg7 Rg2 42. b6 Rb2 43. c5 Kd8 44.
Rxg4 Kd7 45. Rg7+ Kc8 46. Kd5 Rh2 47. c6 Rh5+ 48. Ke4 Rh4+ 49. Kf3 Rh8 50. Ra7 Rf8+ 51. Kg4 Rg8+ 52. Kh5 Rh8+ 53. Kg6 1-0

[Event "*** Titled Tuesday Blitz"]
[Site "Chess.com"]
[Date "2021.02.09"]
[Round "5"]
[White "Vamostodorecto"]
[Black "Sanyura"]
[Result "0-1"]
[WhiteElo "2412"]
[BlackElo "2642"]
[TimeControl "180+1"]
[EndTime "10:56:53 PST"]
[Termination "Sanyura won by checkmate"]

1. d4 Nf6 2. c4 g6 3. Nc3 Bg7 4. e4 d6 5. Be2 O-O 6. Nf3 e5 7. O-O Nc6 8. d5 Ne7 9. Ne1 Ne8 10.
Be3 f5 11. f3 f4 12. Bf2 g5 13.
Rc1 Rf7 14. c5 Ng6 15. cxd6 cxd6 16. Nb5 a6 17. Na3 h5 18. Nc4 g4 19. fxg4 hxg4 20. Bxg4 Qg5 21. Bxc8 Rxc8 22. Nf3 Qh5 23. Nb6 Rd8 24.
Rc3 Nf6 25. Qd3 Bf8 26. Rfc1 Rg7 27. Rc8 Rxc8 28. Rxc8 Ne7 29. Rb8 Qg6 30. Nh4 Qxe4 31. Qxe4 Nxe4 32. Nd7 Rf7 33. Nxf8 Rxf8 34. Rxb7 Nxd5 35.
Ra7 Rc8 36. g3 Rc1+ 37. Kg2 Rc2 38. Kf3 Ndf6 39. Ra8+ Kf7 40. Bg1 Ng5# 0-1

[Event "*** Titled Tuesday Blitz"]
[Site "Chess.com"]
[Date "2021.02.09"]
[Round "5"]
[White "Manukyan_Artak"]
[Black "Kaponov"]
[Result "0-1"]
[WhiteElo "2359"]
[BlackElo "2217"]
[TimeControl "180+1"]
[EndTime "10:56:53 PST"]
[Termination "Kaponov won by resignation"]

1. e4 c5 2. Nc3 e6 3. Nf3 a6 4.
a4 Ne7 5. d4 cxd4 6. Nxd4 Nbc6 7. Bc4 Nxd4 8. Qxd4 Nc6 9. Qe3 Bb4 10. O-O O-O 11. Kh1 Qa5 12. Bd2 Qc5 13. Qxc5 Bxc5 14. f4 b6 15. e5 Bb7 16. Bd3 Nb4 17. Ne4 Nxd3 18. cxd3 Bd4 19. Bc3 Bxc3 20. bxc3 Bxe4 21. dxe4 Rfc8 22. Rf3 Kf8 23. Rd3 Ke7 24. Rad1 Ra7 25. g4 Rc4 26. Rd4 Rxc3 27. f5 b5 28. axb5 axb5 29. g5 f6 30. exf6+ gxf6 31. gxf6+ Kxf6 32. Rxd7 Rxd7 33. Rxd7 exf5 34. exf5 h5 35. Rb7 Rc5 36. Kg2 Rxf5 37. Kg3 Kg5 38. h4+ Kg6 39. Rb6+ Kf7 40. Rb7+ Ke6 41. Rg7 Kd5 42. Rb7 Kc4 43. Rc7+ Rc5 44.
Rg7 b4 45. Kf4 b3 46. Ke3 b2 47. Rg1 Kb3 48. Kd2 Ka2 0-1

[Event "*** Titled Tuesday Blitz"]
[Site "Chess.com"]
[Date "2021.02.09"]
[Round "5"]
[White "dozer80"]
[Black "Fandorine"]
[Result "1-0"]
[WhiteElo "2614"]
[BlackElo "2839"]
[TimeControl "180+1"]
[EndTime "10:56:54 PST"]
[Termination "dozer80 won by checkmate"]

1. e4 e5 2. Nc3 Nf6 3. g3 Bc5 4. Bg2 c6 5. Nf3 d6 6. O-O O-O 7. h3 Re8 8. Re1 a5 9. d4 exd4 10.
Nxd4 a4 11. Be3 Qa5 12. a3 Qb6 13. Rb1 Qa7 14. g4 h6 15. Qd2 Be6 16. f4 Nbd7 17. Kh1 Nb6 18. Bg1 Rad8 19. Rbd1 Bc8 20. Qe2 Qa5 21. Qf3 Nc4 22. e5 dxe5 23. b4 Qc7 24. bxc5 exd4 25. Rxe8+ Rxe8 26. Bxd4 Nxa3 27. Bxf6 gxf6 28.
Ne4 Rxe4 29. Qxe4 Nb5 30. Qe8+ Kg7 31. Rd8 f5 32. Qh8+ Kg6 33. Rg8# 1-0

[Event "*** Titled Tuesday Blitz"]
[Site "Chess.com"]
[Date "2021.02.09"]
[Round "5"]
[White "Szparu"]
[Black "JSMastropiero"]
[Result "1-0"]
[WhiteElo "2678"]
[BlackElo "2420"]
[TimeControl "180+1"]
[EndTime "10:56:54 PST"]
[Termination "Szparu won by checkmate"]

1. d4 d5 2. c4 dxc4 3. e4 e5 4. Nf3 Bb4+ 5. Nc3 exd4 6. Nxd4 Ne7 7. Bxc4 Nbc6 8. Be3 O-O 9. O-O Bxc3 10. bxc3 Ne5 11.
Bb3 a6 12. Qe2 c5 13. Nf5 Nxf5 14. exf5 c4 15. Bxc4 Nxc4 16. Qxc4 Bxf5 17. Bd4 Rc8 18. Qb4 Qg5 19. Qxb7 Rfe8 20. Qf3 Re6 21. Qg3 Rg6 22. Qxg5 Rxg5 23. f3 Be6 24. Kf2 Rb5 25. Rfe1 Bc4 26. a4 Rb2+ 27. Kg3 h5 28. h4 Rc6 29. Re5 Kh7 30.
Rxh5+ Kg8 31. Rg5 g6 32. h5 Re6 33. hxg6 fxg6 34. Rh1 Ree2 35. Rxg6+ Kf7 36. Rg7+ Ke6 37. Rh6+ Kf5 38. Rf6# 1-0